 Dungeon Crawl Stone Soup version 0.23-a0-356-g1757c6e (webtiles) character file.

4382 Firecrotchwizard the Cleaver (level 10, -1/91 HPs)
             Began as a Hill Orc Fighter on Oct 21, 2018.
             Was a Priest of Okawaru.
             Succumbed to a hornet's poison
             ... on level 9 of the Dungeon.
             The game lasted 00:16:32 (8949 turns).

Firecrotchwizard the Cleaver (Hill Orc Fighter)     Turns: 8949, Time: 00:16:32

Health: -1/91      AC: 13    Str: 23    XL:     10   Next: 35%
Magic:  10/10      EV:  6    Int:  8    God:    Okawaru [***...]
Gold:   547        SH: 11    Dex: 10    Spells: 9/9 levels left

rFire    . . .     SeeInvis .   a - +1 war axe
rCold    . . .     Gourm    .   c - +0 shield
rNeg     . . .     Faith    .   j - +0 chain mail
rPois    .         Spirit   .   l - +0 helmet
rElec    .         Reflect  .   (no cloak)
rCorr    .         Harm     .   t - +0 pair of gloves
MR       .....                  v - +1 pair of boots
Stlth    ..........             P - amulet of rage {+Rage, !d}
HPRegen  0.25/turn              u - ring of stealth {Stlth+}
MPRegen  0.12/turn              (no ring)

@: lethally poisoned (-1 -> -37), slowed, very slow
A: no striking features
a: Heroism, Renounce Religion, Evoke Berserk Rage


You were on level 9 of the Dungeon.
You worshipped Okawaru.
Okawaru was most pleased with you.
You were hungry.

You visited 1 branch of the dungeon, and saw 9 of its levels.
You also visited: Sewer.

You collected 547 gold pieces.

Inventory:

Hand Weapons
 a - a +1 war axe (weapon)
 r - a +0 blowgun
   (You took it off a kobold on level 3 of the Dungeon)
Missiles
 s - 22 poisoned needles
 G - a throwing net {=f, !d}
Armour
 c - a +0 shield (worn)
 j - a +0 chain mail (worn)
   (You took it off Terence on level 2 of the Dungeon)
 l - a +0 helmet (worn)
   (You took it off Robin on level 1 of the Dungeon)
 t - a +0 pair of gloves (worn)
   (You found it on level 3 of the Dungeon)
 v - a +1 pair of boots (worn)
   (You found it on level 4 of the Dungeon)
Jewellery
 u - a ring of stealth (left hand) {Stlth+}
   (You found it on level 3 of the Dungeon)
 P - an amulet of rage (around neck) {+Rage, !d}
   (You found it on level 9 of the Dungeon)
Wands
 g - a wand of acid (10)
   (You found it on level 7 of the Dungeon)
 m - a wand of paralysis (5)
   (You found it on level 2 of the Dungeon)
Scrolls
 b - a scroll of amnesia
 e - 8 scrolls of remove curse
 i - 7 scrolls of teleportation
 p - 11 scrolls of identify
 y - a scroll of fear
 E - 3 scrolls of enchant weapon
 I - a scroll of summoning
Potions
 d - 4 potions of might
 h - 2 potions of mutation {unknown}
 k - 2 potions of berserk rage {unknown}
 n - a potion of magic {unknown}
 o - 2 potions of haste {unknown}
 q - 2 potions of ambrosia {unknown}
 x - 5 potions of curing
 z - 5 potions of flight
 A - 2 potions of agility {unknown}
 B - a potion of brilliance {unknown}
 D - a potion of cancellation {unknown}
 H - 2 potions of heal wounds {unknown}
 J - a potion of lignification {unknown}
 K - a potion of degeneration {unknown}
Comestibles
 f - 20 rations


   Skills:
 + Level 9.6 Fighting
 * Level 13.3 Axes
 - Level 3.2 Armour
 + Level 8.7 Shields


You had 9 spell levels left.
You didn't know any spells.
Your spell library contained the following spells:

 Spells                   Type           Power        Failure   Level  Hunger
 Animate Skeleton         Necr           N/A          100%        1    ##.....
 Confusing Touch          Hex            #.....       100%        1    ##.....
 Corona                   Hex            #......      100%        1    ##.....
 Magic Dart               Conj           #...         100%        1    ##.....
 Pain                     Necr           #...         100%        1    ##.....
 Sting                    Conj/Pois      #...         100%        1    ##.....
 Ensorcelled Hibernation  Hex/Ice        #.....       100%        2    ###....
 Poisonous Vapours        Pois/Air       #.....       100%        2    ###....
 Searing Ray              Conj           #.....       100%        2    ###....
 Confuse                  Hex            #.......     100%        3    ####...
 Dazzling Spray           Conj/Hex       #.....       100%        3    ####...
 Gell's Gravitas          Tloc           #.........   100%        3    ####...
 Mephitic Cloud           Conj/Pois/Air  #.......     100%        3    ####...
 Regeneration             Chrm/Necr      #.........   100%        3    ####...
 Tukima's Dance           Hex            #.......     100%        3    ####...
 Vampiric Draining        Necr           #.........   100%        3    ####...
 Animate Dead             Necr           N/A          100%        4    #####..
 Force Lance              Conj/Tloc      #.......     100%        4    #####..
 Fulminant Prism          Conj/Hex       #.........   100%        4    #####..
 Iskenderun's Mystic Bla  Conj           #.......     100%        4    #####..
 Olgreb's Toxic Radiance  Pois           #.......     100%        4    #####..
 Petrify                  Tmut/Erth      #.......     100%        4    #####..
 Metabolic Englaciation   Hex/Ice        #.........   100%        5    ######.
 Venom Bolt               Conj/Pois      #.........   100%        5    ######.
 Yara's Violent Unravell  Hex/Tmut       #.........   100%        5    ######.


Dungeon Overview and Level Annotations

Branches:
Dungeon (9/15)             Temple (0/1) D:5
   Lair: D:8-11         Orc: D:9-12

Altars:
Ashenzari
Dithmenos
Kikubaaqudgha
Makhleb
Okawaru
Ru
Sif Muna
Uskayaw
Vehumet
Yredelemnul
Zin

Shops:
D:7 (

Annotations:
D:4 1 runed door


Message History

You are feeling hungry.
You see here a leather armour.
You may need something to eat soon, looking for food.
Can't find anything matching that.
Okay, then.
As you open the door, it creaks loudly!
There is an open door here.
There is an open door here.
As you open the door, it creaks loudly!
There is an open door here.
A hornet comes into view.
A hornet is nearby!
Aim: a hornet (chance to defeat MR: 37%)
The hornet easily resists.
You miss the hornet. You block the hornet's attack.
Your shield and chain mail prevent you from hitting the hornet.
The hornet stings you.
You are poisoned.
You feel yourself slow down. You block the hornet's attack.
You take 5 damage, and have 86/91 hp.
Your shield and chain mail prevent you from hitting the hornet.
You feel sick. The hornet stings you.
You are more poisoned.
You feel as though you will be slow longer.
The hornet stings you but does no damage.
You take 5 damage, and have 81/91 hp.
You fail to use your ability.
You feel sick. The hornet stings you!
You feel as though you will be slow longer.
You block the hornet's attack.
You take 9 damage, and have 72/91 hp.
You slash the hornet!
You feel sick. You block the hornet's attack. x2
You take 1 damage, and have 71/91 hp.
You hit the hornet.
You feel sick. The hornet stings you.
You are more poisoned.
You feel as though you will be slow longer.
You block the hornet's attack.
You take 4 damage, and have 67/91 hp.
You slash the hornet!
You feel very sick. The hornet barely misses you.
You block the hornet's attack.
You take 3 damage, and have 64/91 hp.
You miss the hornet.
You feel sick.
The hornet stings you but does no damage.
You block the hornet's attack.
You take 1 damage, and have 63/91 hp.
Unknown command.
You hit the hornet.
You feel very sick.
You block the hornet's attack. x2; The hornet stings you!
You are more poisoned.
You feel as though you will be slow longer.
You take 12 damage, and have 51/91 hp.
You miss the hornet.
You feel very sick. The hornet stings you.
You are more poisoned.
You suddenly lose the ability to move!
The hornet stings you but does no damage.
You feel sick.
The hornet stings you but does no damage.
You feel very sick. The hornet barely misses you.
The hornet stings you but does no damage.
You can move again.
You take 13 damage, and have 38/91 hp.
Your shield and chain mail prevent you from hitting the hornet.
You feel very sick. The hornet stings you.
You feel as though you will be slow longer.
The hornet stings you!
* * * LOW HITPOINT WARNING * * *
You are lethally poisoned!
You feel as though you will be slow longer.
You take 14 damage, and have 24/91 hp.
You hit the hornet.
* * * LOW HITPOINT WARNING * * *
You feel very sick.
The hornet stings you but does no damage. x2
You take 4 damage, and have 20/91 hp.
You barely miss the hornet.
* * * LOW HITPOINT WARNING * * *
You feel very sick. The hornet stings you!
* * * LOW HITPOINT WARNING * * *
You are more poisoned.
You suddenly lose the ability to move!
The hornet completely misses you.
* * * LOW HITPOINT WARNING * * *
You feel very sick. The hornet stings you.
* * * LOW HITPOINT WARNING * * *
You feel as though you will be slow longer.
You can move again.
Unknown command.
You take 17 damage, and have 3/91 hp.
You slash the hornet!
You kill the hornet!
Okawaru accepts your kill.
You die...

#######'######### ##....#
.........# #.##.#
.........# #.##.#
.######..# #### #.##.#
.##..##### ...# #....#
.##..# ..####....# .##..#
#.........# .....#
...####..##.....# ..#..#
......†@.##.....#
..#..############.##..##.#
._..............#.##.^##.#
................#.##.....#
###.............#........#
..###############........#
.........................#
...................#.....#
...................#.....#


There were no monsters in sight!

Vanquished Creatures
  Psyche (D:9)
  Joseph (D:9)
  A hornet (D:9)
  Menkaure (D:7)
  Edmund (D:4)
  Duvessa (D:7)
  3 sky beasts
  An ice beast (D:7)
  A phantom (D:5)
  3 ogres
  5 centaurs
  A big kobold (D:9)
  6 bullfrogs
  Dowan (D:7)
  6 wights
  3 howler monkeys
  3 bullfrog zombies
  3 crimson imps
  4 orc priests
  3 hounds
  3 jellies (D:9)
  2 centaur skeletons
  An orc wizard (D:7)
  Terence (D:2)
  4 iguanas
  8 worker ants
  A worker ant zombie (D:5)
  Robin (D:1)
  A howler monkey zombie (D:9)
  7 gnolls
  10 adders
  A shadow imp (D:9)
  9 oozes
  3 adder skeletons
  A worm (D:3)
  3 dart slugs
  8 leopard geckos
  21 orcs
  2 ball pythons
  5 giant cockroaches
  25 goblins
  22 hobgoblins
  4 jackals (Sewer)
  20 kobolds
  3 quokkas
  11 bats
  4 frilled lizards
  A leopard gecko zombie (D:7)
  7 rats
  A spectral orc (D:8)
239 creatures vanquished.

Notes
Turn   | Place    | Note
-------+----------+-------------------------------------------
     0 | D:1      | Firecrotchwizard the Hill Orc Fighter began the quest for
                  | the Orb.
     0 | D:1      | Reached XP level 1. HP: 19/19 MP: 1/1
    85 | D:1      | Reached skill level 3 in Axes
    88 | D:1      | Reached XP level 2. HP: 27/27 MP: 2/2
   401 | D:1      | Reached skill level 4 in Fighting
   418 | D:1      | Reached XP level 3. HP: 33/33 MP: 3/3
   839 | D:2      | Noticed Terence
   852 | D:2      | Killed Terence
   852 | D:2      | Reached skill level 4 in Axes
   892 | D:2      | Reached XP level 4. HP: 40/40 MP: 4/4
   937 | D:2      | Noticed Robin
   969 | D:1      | Killed Robin
  1089 | D:2      | Reached skill level 4 in Shields
  1226 | D:2      | Noticed a bullfrog
  1244 | D:2      | Killed a bullfrog
  1244 | D:2      | Reached skill level 5 in Axes
  1244 | D:2      | Reached XP level 5. HP: 30/47 MP: 5/5
  2288 | D:3      | Reached skill level 5 in Fighting
  2388 | D:3      | Reached XP level 6. HP: 56/56 MP: 6/6
  2417 | D:3      | Found a glowing silver altar of Zin.
  2428 | D:3      | Reached skill level 6 in Axes
  2827 | D:4      | Noticed Edmund
  2846 | D:4      | Killed Edmund
  2919 | D:4      | Found a deep blue altar of Sif Muna.
  3051 | D:4      | Reached skill level 7 in Axes
  3051 | D:4      | Reached skill level 5 in Shields
  3187 | D:4      | Reached XP level 7. HP: 61/61 MP: 7/7
  3733 | D:4      | Found a runed door.
  3800 | D:5      | Entered Level 5 of the Dungeon
  3817 | D:5      | Reached skill level 6 in Fighting
  3953 | D:4      | Reached skill level 8 in Axes
  4161 | D:5      | Found a glowing drain.
  4170 | Sewer    | Entered a sewer
  4175 | Sewer    | Reached XP level 8. HP: 63/71 MP: 8/8
  4643 | D:5      | Reached skill level 9 in Axes
  4643 | D:5      | Reached skill level 6 in Shields
  4660 | D:5      | Found an iron altar of Okawaru.
  4676 | D:5      | Became a worshipper of Warmaster Okawaru
  4710 | D:5      | Reached skill level 7 in Fighting
  4803 | D:5      | Found a staircase to the Ecumenical Temple.
  5135 | D:5      | Reached skill level 10 in Axes
  5289 | D:6      | Found a sacrificial altar of Ru.
  5358 | D:6      | Reached * piety under Okawaru
  5495 | D:6      | Reached XP level 9. HP: 79/79 MP: 9/9
  5601 | D:6      | Reached skill level 7 in Shields
  5939 | D:7      | Noticed Duvessa
  5939 | D:7      | Noticed Dowan
  5962 | D:7      | Killed Dowan
  5962 | D:7      | Reached skill level 11 in Axes
  5966 | D:7      | Killed Duvessa
  5966 | D:7      | Reached skill level 8 in Fighting
  6506 | D:7      | Noticed Menkaure
  6517 | D:7      | Killed Menkaure
  6517 | D:7      | Reached ** piety under Okawaru
  6817 | D:7      | Reached skill level 12 in Axes
  6974 | D:7      | Found Dididd's Antique Weapon Boutique.
  7151 | D:8      | Found a shattered altar of Ashenzari.
  7157 | D:8      | Reached skill level 8 in Shields
  7309 | D:8      | Reached skill level 9 in Fighting
  7335 | D:8      | Found a basalt altar of Yredelemnul.
  7602 | D:8      | Found a hide-covered altar of Uskayaw.
  7613 | D:8      | Reached XP level 10. HP: 90/91 MP: 10/10
  7877 | D:9      | Got a sparkling silver ring
  8057 | D:9      | Identified the ring of Rubyobug {rElec rF+ Int-5 Dex+3}
                  | (You found it on level 9 of the Dungeon)
  8084 | D:9      | Noticed Joseph
  8105 | D:9      | Killed Joseph
  8355 | D:9      | Reached skill level 13 in Axes
  8571 | D:9      | Noticed Psyche
  8584 | D:9      | Killed Psyche
  8584 | D:9      | Reached *** piety under Okawaru
  8621 | D:9      | Found a shadowy altar of Dithmenos.
  8700 | D:9      | Found a radiant altar of Vehumet.
  8749 | D:9      | Found a burning altar of Makhleb.
  8749 | D:9      | Found an ancient bone altar of Kikubaaqudgha.
  8942 | D:9      | Paralysed by a hornet for 3 turns
  8946 | D:9      | HP: 20/91 [poisoned by a hornet]
  8947 | D:9      | HP: 9/91 [hornet (8)]
  8947 | D:9      | Paralysed by a hornet for 2 turns
  8948 | D:9      | HP: 3/91 [hornet (3)]
  8949 | D:9      | Succumbed to a hornet's poison

Vault maps used:
D:1:      dpeg_arrival_ternary, eino_curves_02
D:2:      wad_crossroads, first_ration, skrybe_limestone_x, uniq_terence,
          uniq_robin
D:3:      overflow_temple_1_default
D:4:      old_standard_altar, uniq_crazy_yiuf_cottage, uniq_edmund
D:5:      corexii_shantytown, lemuel_round_altar,
          minmay_temple_entry_butterflies, cheibrodos_sewer_entry_drain,
          amethyst_killhole
D:6:      hangedman_abyss_or_decor_stabs, nicolae_ru_awakened_eye
D:7:      serial_shops, shop, uniq_menkaure, uniq_duvessa
D:8:      nicolae_overflow_crystal_walls, evilmike_ruin_ashenzari,
          yredelemnul_forgotten_temple_becter
D:9:      overflow_temple_1_default, gammafunk_temple_overflow_elements,
          fiery_altar_vehumet, hangedman_little_slice_of_home, uniq_psyche,
          uniq_joseph
Sewer:    sewer_fruit_machine

Skill      XL: |  1  2  3  4  5  6  7  8  9 10 |
---------------+-------------------------------+-----
Axes           | 3 4 5 7 8 10 12 13 | 13.3
Fighting       | 4 5 6 7 9 |  9.6
Shields        | 4 5 6 8 |  8.7
Armour         | |  3.2

Action                   |  1- 3 |  4- 6 |  7- 9 | 10-12 || total
-------------------------+-------+-------+-------+-------++-------
Melee: War axe           |    78 |   202 |   455 |    76 ||   811
Invok: Heroism           |       |       |     1 |       ||     1
Evoke: Wand              |       |     1 |     3 |     4 ||     8
  Use: Scroll            |       |       |    10 |     5 ||    15
 Stab: Paralysed         |       |     5 |     5 |       ||    10
  Eat: Chunk             |       |     8 |    15 |     3 ||    26
Armor: Scale mail        |    30 |       |       |       ||    30
       Chain mail        |     2 |   105 |   270 |    31 ||   408
Dodge: Dodged            |    16 |    32 |    85 |    12 ||   145
Block: Shield            |    41 |   125 |   259 |    31 ||   456

Table legend:
 A = Non-vault XP
 B = Vault XP
 C = Vault XP percentage of total XP
 D = Non-vault monster count
 E = Vault monster count
 F = Vault count percentage of total count
                 A         B        C        D         E       F
            +---------+---------+-------+---------+---------+-------
      Total |    4492 |    1768 |  28.2 |     160 |      79 |  33.1
            +---------+---------+-------+---------+---------+-------
        D:1 |      42 |      16 |  27.6 |      25 |       1 |   3.8
        D:2 |     103 |      68 |  39.8 |       9 |      17 |  65.4
        D:3 |     143 |       0 |   0.0 |      25 |       0 |   0.0
        D:4 |     505 |     161 |  24.2 |      16 |       6 |  27.3
        D:5 |     727 |     103 |  12.4 |      15 |      27 |  64.3
        D:6 |     818 |       0 |   0.0 |      23 |       0 |   0.0
        D:7 |    1027 |     371 |  26.5 |      24 |       3 |  11.1
        D:8 |     571 |       1 |   0.2 |      11 |       1 |   8.3
        D:9 |     556 |    1004 |  64.4 |      12 |      10 |  45.5
      Sewer |       0 |      44 | 100.0 |       0 |      14 | 100.0
            +---------+---------+-------+---------+---------+-------

Vault maps used:
D:1:      dpeg_arrival_ternary, eino_curves_02
D:2:      wad_crossroads, first_ration, skrybe_limestone_x, uniq_terence,
          uniq_robin
D:3:      overflow_temple_1_default
D:4:      old_standard_altar, uniq_crazy_yiuf_cottage, uniq_edmund
D:5:      corexii_shantytown, lemuel_round_altar,
          minmay_temple_entry_butterflies, cheibrodos_sewer_entry_drain,
          amethyst_killhole
D:6:      hangedman_abyss_or_decor_stabs, nicolae_ru_awakened_eye
D:7:      serial_shops, shop, uniq_menkaure, uniq_duvessa
D:8:      nicolae_overflow_crystal_walls, evilmike_ruin_ashenzari,
          yredelemnul_forgotten_temple_becter
D:9:      overflow_temple_1_default, gammafunk_temple_overflow_elements,
          fiery_altar_vehumet, hangedman_little_slice_of_home, uniq_psyche,
          uniq_joseph
Sewer:    sewer_fruit_machine

Table legend:
 A = Turns spent in this place as a percentage of turns spent in the entire game.
 B = Non-inter-level travel turns spent in this place as a percentage of non-inter-level travel turns spent in the entire game.
 C = Inter-level travel turns spent in this place as a percentage of turns spent in this place.
 D = Turns resting spent in this place as a percentage of non-inter-level travel turns spent in this place.
 E = Turns spent auto-exploring this place as a percentage of non-inter-level travel turns spent in this place.
 F = Non-inter-level travel turns spent in this place divided by the number of levels of this place that you've seen.
                   A       B       C       D       E      F
               +-------+-------+-------+-------+-------+----------------------
         Total | 100.0 | 100.0 |   3.4 |  19.4 |  61.7 | 864.3
       Dungeon |  96.2 |  96.0 |   3.6 |  19.8 |  61.9 | 922.1
         Sewer |   3.8 |   4.0 |   0.0 |  11.0 |  57.8 | 344.0
               +-------+-------+-------+-------+-------+----------------------

Table legend:
 A = Kills in this place as a percentage of kills in entire the game.
 B = Kills by you in this place as a percentage of kills by you in the entire game.
 C = Kills by friends in this place as a percentage of kills by friends in the entire game.
 D = Other kills in this place as a percentage of other kills in the entire game.
 E = Experience gained in this place as a percentage of experience gained in the entire game.
 F = Experience gained in this place divided by the number of levels of this place that you have seen.
                   A       B       C       D       E      F
               +-------+-------+-------+-------+-------+----------------------
         Total | 100.0 | 100.0 |   N/A |   N/A | 100.0 | 626.0
       Dungeon |  94.1 |  94.1 |   N/A |   N/A |  99.3 | 690.7
         Sewer |   5.9 |   5.9 |   N/A |   N/A |   0.7 |  44.0
               +-------+-------+-------+-------+-------+----------------------
